 Dungeon Crawl Stone Soup version 0.31-a0-188-g5e087ee2ca (webtiles) character file.

Game seed: 213462142670644286

427 qw the Skirmisher (level 6, -3/36 HPs)
             Began as a Deep Elf Hunter on June 23, 2023.
             Slain by a gnoll
             ... wielding a +0 club
              (7 damage)
             ... on level 4 of the Dungeon.
             The game lasted 00:01:35 (3275 turns).

qw the Skirmisher (Deep Elf Hunter)                 Turns: 3275, Time: 00:01:35

Health: -3/36      AC:  9    Str: 10    XL:     6   Next: 65%
Magic:  8/8        EV: 13    Int: 14    God:
Gold:   154        SH:  0    Dex: 18    Spells: 5/5 levels left

rFire   . . .        Y - +4 shortbow
rCold   + . .        (shield currently unavailable)
rNeg    . . .        p - +2 leather armour {rC+}
rPois   .            h - +0 helmet
rElec   .            f - +0 cloak
rCorr   +            k - +0 pair of gloves
SInv    .            n - +0 pair of boots
Will    .....        (no amulet)
Stlth   ++           o - ring of resist corrosion
HPRegen 0.26/turn    (no ring)
MPRegen 0.11/turn

%: no passive effects
@: no status effects
A: no striking features
a: no special abilities


You were on level 4 of the Dungeon.
You visited 2 branches of the dungeon, and saw 6 of its levels.

You collected 217 gold pieces.
You spent 63 gold pieces at shops.


   Skills:
 - Level 2.6 Fighting
 + Level 9.4 Ranged Weapons
 - Level 1.0 Armour
 - Level 3.3 Dodging
 - Level 1.2 Stealth


You had 5 spell levels left.
You didn't know any spells.
Your spell library was empty.

Inventory:

Hand Weapons
 Y - a +4 shortbow (weapon)
Armour
 d - a +0 ring mail
 f - a +0 cloak (worn)
 h - a +0 helmet (worn)
 k - a +0 pair of gloves (worn)
 n - a +0 pair of boots (worn)
 p - a +2 leather armour of cold resistance (worn)
Jewellery
 m - a ring of ice
 o - a ring of resist corrosion (left hand)
Scrolls
 j - a scroll of identify
Potions
 a - a potion of ambrosia {unknown}
 b - a potion of mutation {unknown}
 c - a potion of cancellation {unknown}
 e - a potion of resistance {unknown}
 g - a potion of degeneration {unknown}
 i - a potion of haste {unknown}

Dungeon Overview and Level Annotations

Branches:
Dungeon (5/15)             Temple (1/1) D:4

Altars:
Ashenzari
Cheibriados
Elyvilon
Fedhas
Gozag
Kikubaaqudgha
Makhleb
Nemelex Xobeh
Qazlal
Ru
Sif Muna
Uskayaw
Vehumet
Wu Jian
Xom
Yredelemnul
Zin
The Shining One

Shops:
D:1 (?[(   D:4 [


Message History

You climb upwards.
There is a stone staircase leading down here.
Enter note:
Enter note:
Enter note:
Enter note:
Enter note:
Enter note:
Enter note:
Enter note:
Enter note:
Enter note:
Enter note:
Enter note:
Enter note:
Enter note:
Enter note: You shoot an arrow.
The arrow hits the gnoll!
You kill the gnoll!
The gnoll hits you but does no damage. x2; The orc misses you.
The gnoll misses you.
You shoot an arrow. The arrow hits the gnoll!
The gnoll is severely wounded.
The gnoll misses you. The gnoll closely misses you.
The orc hits you with a +0 whip. The gnoll hits you with a +0 club!
You shoot an arrow. The arrow closely misses the gnoll.
The gnoll hits you with a +0 club. x2; The orc closely misses you.
The gnoll barely misses you.
You shoot an arrow. The arrow hits the gnoll.
The gnoll is almost dead.
The gnoll hits you with a +0 club. x2; The orc barely misses you.
The gnoll hits you but does no damage.
You shoot an arrow. The arrow barely misses the gnoll.
The gnoll barely misses you. The gnoll closely misses you. The orc misses you.
The gnoll barely misses you.
You shoot an arrow.
The arrow hits the gnoll but does no damage.
The gnoll is almost dead.
The gnoll hits you but does no damage. The gnoll hits you with a +0 club!
You die...

...+...............#..>..#..#....
...#....##.........#.....#####..#
...#....#######....#.....#..##..#
...#....##...##....+.....'..#...%
...#.........#######.....#..#....
.(.#.........#...........######.#
...#.........#...........#..#####
...#######...#.gog......<'.......
.........##'##.)@........#.......
.........#...#...g..######...####
...).....'...#......# ##...####
.........#...#......# #........
.........#####......# #........
...######...........# #......##
...# #...........# #.####### ...#
#...........# ### #. ...#
#...........# #.


You could see 3 gnolls and an orc.

Vanquished Creatures
  2 scorpions
  Ijyb (D:4)
  An iguana (D:4)
  3 orc wizards
  Robin (D:3)
  4 adders
  A gnoll (D:4)
  2 worms (D:2)
  3 dart slugs
  7 orcs
  9 endoplasms
  A giant cockroach (D:1)
  12 goblins
  16 hobgoblins
  5 jackals (D:1)
  4 quokkas
  12 ball pythons
  9 bats
  4 frilled lizards
  9 kobolds
  7 rats
113 creatures vanquished.

Notes
Turn   | Place    | Note
-------+----------+-------------------------------------------
     0 | D:1      | qw the Deep Elf Hunter began the quest for the Orb.
     0 | D:1      | Reached XP level 1. HP: 12/12 MP: 3/3
     0 | D:1      | 0 ||| qw: Version: 0.3-a-9-g12657ce
     0 | D:1      | 0 ||| qw: Game counter: 3978
     0 | D:1      | 0 ||| qw: Always use a shield: true
     0 | D:1      | 0 ||| qw: God list: Okawaru
     0 | D:1      | 0 ||| qw: Allow faded altars: false
     0 | D:1      | 0 ||| qw: Do Orc after D:15 true
     0 | D:1      | 0 ||| qw: Do second Lair branch before Depths: true
     0 | D:1      | 0 ||| qw: Lair rune preference: random
     0 | D:1      | 0 ||| qw: Plans: Normal
     0 | D:1      | 0 ||| PLANNING D:1-11
    10 | D:1      | Noticed a +0 rapier
    13 | D:1      | Found Woitixt's Antique Armour Boutique.
    23 | D:1      | 23 ||| SHOPLISTING buzzing leather armour (196 gold, have
                  | 0).
    23 | D:1      | 23 ||| SHOPLISTING glowing scale mail (196 gold, have 0).
    23 | D:1      | 23 ||| SHOPLISTING pair of boots (126 gold, have 0).
    23 | D:1      | 23 ||| SHOPLISTING pair of embroidered gloves (210 gold,
                  | have 0).
    42 | D:1      | Reached XP level 2. HP: 16/16 MP: 4/4
    43 | D:1      | Reached skill level 6 in Ranged Weapons
    45 | D:1      | Found Urhyurgh's Weapon Emporium.
    47 | D:1      | Noticed a +0 bardiche
   116 | D:1      | Found Bowkej's Magic Scroll Emporium.
   136 | D:1      | 136 ||| SHOPLISTING scroll of enchant weapon (97 gold, have
                  | 19).
   136 | D:1      | 136 ||| SHOPLISTING scroll of identify (26 gold, have 19).
   136 | D:1      | 136 ||| SHOPLISTING scroll of teleportation (39 gold, have
                  | 19).
   185 | D:1      | Reached XP level 3. HP: 20/20 MP: 5/5
   342 | D:1      | 342 ||| UPGRADING to +0 ring mail.
   352 | D:1      | 352 ||| DROPPING +0 leather armour.
   353 | D:1      | 353 ||| READING scroll labelled OMNOIZ VAEWN.
   354 | D:1      | 354 ||| READING scroll labelled XINKESHRARATT.
   355 | D:1      | 355 ||| READING scroll labelled ZOANOE YHAICYX.
   356 | D:1      | 356 ||| DROPPING scroll of butterflies.
   359 | D:1      | Found Nehiduot's Antique Weapon Shoppe.
   487 | D:1      | 487 ||| DROPPING amulet of magic regeneration.
   515 | D:2      | Reached skill level 7 in Ranged Weapons
   646 | D:2      | Reached XP level 4. HP: 25/25 MP: 6/6
   878 | D:2      | 878 ||| READING scroll of enchant weapon.
   878 | D:2      | 878 ||| ENCHANTING +1 shortbow.
  1064 | D:2      | 1064 ||| READING scroll labelled ETUNLI IM NOH.
  1165 | D:2      | 1165 ||| READING scroll labelled SEMIEB CAJI.
  1166 | D:2      | 1166 ||| READING scroll labelled HEIGRA VANOFF.
  1167 | D:2      | 1167 ||| READING scroll labelled WOWASE IS ACO.
  1212 | D:2      | 1212 ||| READING scroll labelled FISCHI GIME.
  1213 | D:2      | 1213 ||| READING scroll labelled ZEHEUL MABBEZ.
  1217 | D:2      | 1217 ||| DRINKING 2 silvery potions.
  1274 | D:3      | 1274 ||| DRINKING potion of curing.
  1274 | D:3      | 1274 ||| (to cure confusion)
  1284 | D:3      | Reached skill level 8 in Ranged Weapons
  1579 | D:3      | Noticed Robin
  1602 | D:3      | Killed Robin
  1603 | D:3      | Reached XP level 5. HP: 11/29 MP: 7/7
  1897 | D:3      | Found a hide-covered altar of Uskayaw.
  1927 | D:3      | Found a stormy altar of Qazlal.
  1967 | D:3      | 1967 ||| UPGRADING to +0 helmet.
  1972 | D:3      | 1972 ||| DRINKING 2 sedimented black potions.
  2022 | D:3      | 2022 ||| DROPPING potion of lignification.
  2093 | D:4      | 2093 ||| READING scroll of enchant weapon.
  2093 | D:4      | 2093 ||| ENCHANTING +2 shortbow.
  2154 | D:4      | Found a staircase to the Ecumenical Temple.
  2155 | D:4      | 2155 ||| PLANNING TEMPLE
  2155 | D:4      | 2155 ||| UPGRADING to +0 cloak.
  2164 | Temple   | Entered the Ecumenical Temple
  2351 | Temple   | 2351 ||| PLANNING D:1-11
  2542 | D:4      | 2542 ||| READING scroll of enchant weapon.
  2542 | D:4      | 2542 ||| ENCHANTING +3 shortbow.
  2556 | D:4      | Reached skill level 9 in Ranged Weapons
  2664 | D:4      | Reached XP level 6. HP: 24/36 MP: 8/8
  2732 | D:4      | Found Vyajuhoa's Armour Emporium.
  2740 | D:4      | 2740 ||| BUYING +0 pair of boots (63 gold).
  2740 | D:4      | Bought a +0 pair of boots for 63 gold pieces
  2740 | D:4      | 2740 ||| SHOPLISTING +1 leather armour of poison resistance
                  | (154 gold, have 102).
  2740 | D:4      | 2740 ||| SHOPLISTING +2 leather armour of poison resistance
                  | (224 gold, have 102).
  2751 | D:4      | 2751 ||| Stepping ~*~*~tactically~*~*~ (outnumbered).
  2760 | D:4      | Reached skill level 1 in Armour
  3012 | D:4      | Noticed Ijyb
  3025 | D:4      | Killed Ijyb
  3219 | D:4      | 3219 ||| UPGRADING to +0 pair of gloves.
  3224 | D:4      | 3224 ||| UPGRADING to +0 pair of boots.
  3229 | D:4      | 3229 ||| UPGRADING to +2 leather armour of cold resistance.
  3239 | D:4      | 3239 ||| UPGRADING to ring of resist corrosion.
  3240 | D:4      | 3240 ||| READING scroll labelled TUPISUUCRA.
  3258 | D:5      | Entered Level 5 of the Dungeon
  3263 | D:5      | Reached skill level 3 in Dodging
  3268 | D:5      | 3268 ||| STAIRDANCE
  3273 | D:4      | HP: 9/36 [gnoll/+0 club (3)]
  3273 | D:4      | HP: 4/36 [gnoll/+0 club (5)]
  3275 | D:4      | Slain by a gnoll

Levels and vault maps discovered:
D:1:      scummos_arrival_simple_fountains, layout_rooms, serial_shops,
          nicolae_shop_crystal, nicolae_shop_trees, nicolae_shop_mannequins,
          shop, minmay_heptomino_o4
D:2:      layout_rooms, kennysheep_nub, chequers_serial_rivers_large_b,
          minmay_ruptured
D:3:      layout_rooms, minitemple, uniq_robin
D:4:      layout_gridville, temple_doors_e, serial_shops, nicolae_shop_trees,
          uniq_crazy_yiuf_cottage, uniq_ijyb
D:5:      layout_basic, serial_glass, glass_columns_b, glass_columns_b,
          glass_columns_b, glass_columns_a, glass_columns_a, glass_columns_b,
          grunt_decor_arrowhead, grunt_ministairs_3, uniq_pikel
Temple:   eino_temple_scatter_basement

Skill      XL: |  1  2  3  4  5  6 |
---------------+-------------------+-----
Ranged Weapons | 6 7 8 9 |  9.4
Fighting       | 2 |  2.6
Armour         | 1 |  1.0
Dodging        | 3 |  3.3
Stealth        | |  1.2

Action                     |  1- 3 |  4- 6 || total
---------------------------+-------+-------++-------
   Fire: Shortbow          |   128 |   199 ||   327
    Use: Scroll            |     3 |    10 ||    13
         Potion            |       |     3 ||     3
 Armour: Leather armour    |     8 |    10 ||    18
         Ring mail         |     4 |    40 ||    44
  Dodge: Dodged            |    23 |    62 ||    85

Table legend:
 A = Non-vault XP
 B = Vault XP
 C = Vault XP percentage of total XP
 D = Non-vault monster count
 E = Vault monster count
 F = Vault count percentage of total count
                 A         B        C        D         E       F
            +---------+---------+-------+---------+---------+-------
      Total |     515 |      95 |  15.6 |      94 |      19 |  16.8
            +---------+---------+-------+---------+---------+-------
        D:1 |      55 |       4 |   6.8 |      33 |       3 |   8.3
        D:2 |      48 |       6 |  11.1 |      20 |       2 |   9.1
        D:3 |      69 |      36 |  34.3 |      19 |      12 |  38.7
        D:4 |     268 |      49 |  15.5 |      21 |       2 |   8.7
        D:5 |      75 |       0 |   0.0 |       1 |       0 |   0.0
            +---------+---------+-------+---------+---------+-------
